 Dungeon Crawl Stone Soup version 0.18.1-8-gdd0e5ea (webtiles) character file.

364 Nimbul the Charlatan (level 7, -6/42 HPs)
             Began as a Kobold Artificer on May 27, 2016.
             Mangled by a porcupine (8 damage)
             ... on level 4 of the Dungeon.
             The game lasted 00:25:21 (3630 turns).

Nimbul the Charlatan (Kobold Artificer)             Turns: 3630, Time: 00:25:22

Health: -6/42      AC:  4    Str: 10    XL:     7   Next: 0%
Magic:  10/10      EV: 16    Int: 10    God:
Gold:   252        SH:  0    Dex: 18    Spells: 0 memorised, 6 levels left

rFire  . . .     SeeInvis .     a - +2 short sword
rCold  . . .     Gourm    .     b - +1 leather armour
rNeg   . . .     Faith    .     (shield restricted)
rPois  .         Spirit   .     (no helmet)
rElec  .         Dismiss  .     (no cloak)
rCorr  .         Reflect  .     (no gloves)
SustAt .         Harm     .     (no boots)
MR     .....                    (no amulet)
Stlth  +++.......               (no ring)
                                (no ring)

@: not resistant to hostile enchantments, fairly stealthy
A: carnivore 3
a: no special abilities


You were on level 4 of the Dungeon.
You were very full.

You visited 1 branch of the dungeon, and saw 4 of its levels.

You collected 252 gold pieces.

Inventory:

Hand Weapons
 a - a +2 short sword (weapon)
 g - a +1 spear of piercing
Missiles
 i - 65 stones (quivered)
 k - 26 sling bullets
 o - 14 poisoned needles
Armour
 b - a +1 leather armour (worn)
 h - a +0 chain mail
Wands
 c - a wand of confusion (26/48)
 e - a wand of enslavement (11/24)
 f - a wand of flame (15/48)
 r - a wand of random effects (7/48)
Scrolls
 l - 3 scrolls of identify
 n - 2 scrolls of remove curse
Comestibles
 d - 3 meat rations
 j - 4 slices of pizza


   Skills:
 * Level 3.8 Fighting
 - Level 4.5 Short Blades
 - Level 3.4 Dodging
 - Level 3.8 Stealth
 * Level 5.0 Evocations


You had 6 spell levels left.
You didn't know any spells.

Dungeon Overview and Level Annotations

Branches:
Dungeon (4/15)
 Temple: D:4-7

Altars:


Innate Abilities, Weirdness & Mutations

You are small and have problems with some larger weapons.
You are carnivorous and can eat meat at any time.


Message History

The porcupine is lightly wounded.
The porcupine bites you!
* * * LOW HITPOINT WARNING * * *
You aren't carrying any potions.
Unknown command.
Evoke which item? (* to show all) (? for menu, Esc to quit)
Zapping:
c - a wand of confusion (28/48)
Press: ? - help, Shift-Dir - straight line, f - porcupine
Aim: a porcupine (lightly wounded, chance to defeat MR: 56%)
The porcupine resists with significant effort.
This wand has 27 charges left.
The porcupine barely misses you.
Evoke which item? (* to show all) (? for menu, Esc to quit)
Zapping:
c - a wand of confusion (27/48)
Press: ? - help, Shift-Dir - straight line, f/p - porcupine
Aim: a porcupine (lightly wounded, chance to defeat MR: 56%)
The porcupine appears confused.
This wand has 26 charges left.
You hit the porcupine.
The porcupine is moderately wounded.
The porcupine bites you!
You die...

#.....####...######.....
#.....####...##...#.....
#.................#.....
#.................#.....
#.................#.....
#.......#######.###
#.......##...##.#
#.....).r...... +
#.....)@.......
#...>..........
#..............
#..............
#..............
#..............
#######.##..### #.# ..#
.. .#


You could see a porcupine (confused).

Vanquished Creatures
  Grinder (D:3)
  An orc wizard (D:4)
  A centaur skeleton (D:4)
  Natasha (thrice) (D:3)
  A gnoll (D:1)
  4 adders
  An ooze (D:4)
  4 worms
  A dart slug (D:2)
  4 giant geckos
  5 orcs
  A ball python (D:3)
  12 bats
  3 giant cockroaches
  4 goblins (D:1)
  4 hobgoblins
  5 jackals (D:2)
  5 quokkas
  5 giant newts
  2 kobolds
  9 rats
76 creatures vanquished.

Vanquished Creatures (collateral kills)
  5 orcs (D:3)
5 creatures vanquished.

Vanquished Creatures (others)
  An orc (D:3)
1 creature vanquished.

Grand Total: 82 creatures vanquished

Notes
Turn   | Place    | Note
--------------------------------------------------------------
     0 | D:1      | Nimbul the Kobold Artificer began the quest for the Orb.
     0 | D:1      | Reached XP level 1. HP: 12/12 MP: 3/3
   139 | D:1      | Reached XP level 2. HP: 12/16 MP: 4/4
   403 | D:1      | Reached skill level 4 in Evocations
   403 | D:1      | Reached XP level 3. HP: 3/20 MP: 4/6
  1354 | D:2      | Reached XP level 4. HP: 26/26 MP: 7/7
  2703 | D:3      | Noticed Natasha
  2712 | D:3      | Killed Natasha
  2712 | D:3      | Reached XP level 5. HP: 19/31 MP: 8/8
  3033 | D:3      | Noticed Grinder
  3087 | D:3      | Paralysed by Grinder for 2 turns
  3135 | D:3      | Killed Grinder
  3135 | D:3      | Reached XP level 6. HP: 28/37 MP: 9/9
  3393 | D:3      | Noticed Natasha
  3408 | D:3      | Killed Natasha
  3453 | D:3      | Noticed Natasha
  3459 | D:3      | Killed Natasha
  3614 | D:4      | Reached skill level 5 in Evocations
  3620 | D:4      | Reached XP level 7. HP: 23/42 MP: 10/10
  3626 | D:4      | HP: 1/42 [porcupine (12)]
  3630 | D:4      | Mangled by a porcupine

Skill      XL: |  1  2  3  4  5  6 |
---------------+-------------------+-----
Short Blades   | 2 3 4 |  4.5
Evocations     | 4 5 |  5.0
Stealth        | 2 3 |  3.8
Dodging        | 3 |  3.4
Fighting       | 2 3 |  3.8

Action                   |  1- 3 |  4- 6 |  7- 9 || total
-------------------------+-------+-------+-------++-------
Melee: Short sword       |   118 |   185 |     3 ||   306
Throw: Stone             |     7 |     2 |       ||     9
Evoke: Wand              |     2 |    20 |     3 ||    25
  Use: Scroll            |     3 |     5 |       ||     8
       Potion            |     2 |     5 |       ||     7
 Stab: Sleeping          |     6 |     9 |       ||    15
       Confused          |       |     7 |       ||     7
  Eat: Chunk             |     7 |     8 |       ||    15
Armor: Leather armour    |    32 |    24 |     1 ||    57
Dodge: Dodged            |   116 |    99 |     1 ||   216
